[ AOE2 MATCH · #486049226 ]
UnrankedBritons vs Spanish
[ REPLAY ANALYSIS · EXTRACTED FROM THE RECORDED GAME ]
Feudal
8:50
Castle
—
Imperial
—
| APM avg | 90.0 |
| APM peak | 155 |
| eAPM avg | 40.6 |
| Villagers / military | 42 / 29 |
Focus
⚔️ 58.7% · 🌾 41.3%
Archer ×29
Feudal
8:27
Castle
—
Imperial
—
| APM avg | 87.8 |
| APM peak | 125 |
| eAPM avg | 27.0 |
| Villagers / military | 45 / 16 |
Focus
⚔️ 49.1% · 🌾 50.9%
Scout Cavalry ×16
Feudal
8:51
Castle
—
Imperial
—
| APM avg | 86.8 |
| APM peak | 144 |
| eAPM avg | 41.7 |
| Villagers / military | 35 / 15 |
Focus
⚔️ 69.8% · 🌾 30.2%
Scout Cavalry ×13 · Spearman ×2
Feudal
9:15
Castle
—
Imperial
—
| APM avg | 64.2 |
| APM peak | 118 |
| eAPM avg | 23.5 |
| Villagers / military | 44 / 19 |
Focus
⚔️ 52.5% · 🌾 47.5%
Archer ×18 · Spearman ×1
Match map
Initial resources + every placement click. Lines = walls · curves = elevation contours. ◆ gold · ⬟ stone · ● berries · ✦ relic · ◌ wall gap
Your base· Open — unwalled flank
WackieChan_'s base· Open — unwalled flank
Oni.JorDan_AoE's base· Open — 4t gap
ÐàLạt«Gô°Kµ»'s base· Open — 5t gap
Smoothed initial terrain · ◌ = detected wall gap · hover for details
Inputs per minute
— Oni.TheViper - - WackieChan_
Build order — Oni.TheViper
116 actions detected in the replay
| 0:00 | Create | Villager (Male) |
| 0:00 | Create | Villager (Male) |
| 0:01 | Build | House |
| 0:02 | Build | House |
| 0:04 | Build | House |
| 0:09 | Create | Villager (Male) |
| 0:11 | Create | Villager (Male) |
| 1:18 | Create | Villager (Male) |
| 1:23 | Build | Lumber Camp |
| 1:46 | Create | Villager (Male) |
| 2:07 | Create | Villager (Male) |
| 2:19 | Create | Villager (Male) |
| 2:19 | Create | Villager (Male) |
| 2:54 | Create | Villager (Male) |
| 3:20 | Create | Villager (Male) |
| 3:34 | Create | Villager (Male) |
| 3:53 | Build | House |
| 4:21 | Create | Villager (Male) |
| 4:38 | Build | Mining Camp |
| 4:42 | Create | Villager (Male) |
| 4:52 | Create | Villager (Male) |
| 5:09 | Create | Villager (Male) |
| 6:10 | Research | Loom |
| 6:19 | Build | Barracks |
| 6:31 | Research | Feudal Age |
| 7:08 | Build | House |
| 8:09 | Create | Villager (Male) |
| 8:11 | Build | House |
| 8:23 | Create | Villager (Male) |
| 8:50 | Age | Feudal Age |
| 8:55 | Build | Archery Range |
| 8:58 | Build | Archery Range |
| 8:59 | Build | Archery Range |
| 9:02 | Research | Double-Bit Axe |
| 9:02 | Research | Double-Bit Axe |
| 9:03 | Create | Villager (Male) |
| 9:19 | Build | House |
| 9:54 | Create | Archer |
| 9:55 | Create | Archer |
| 9:56 | Create | Villager (Male) |
| 10:00 | Build | Mill |
| 10:08 | Create | Archer |
| 10:09 | Create | Archer |
| 10:16 | Create | Villager (Male) |
| 10:44 | Build | Blacksmith |
| 10:47 | Create | Villager (Male) |
| 10:51 | Create | Archer |
| 10:51 | Create | Archer |
| 10:59 | Create | Archer |
| 11:12 | Create | Villager (Male) |
| 11:22 | Build | Palisade Wall |
| 11:25 | Build | Palisade Wall |
| 11:26 | Build | Palisade Wall |
| 11:31 | Create | Archer |
| 11:32 | Create | Archer |
| 11:44 | Research | Fletching |
| 11:45 | Research | Fletching |
| 11:47 | Build | House |
| 12:08 | Create | Villager (Male) |
| 12:08 | Create | Villager (Male) |
| 12:13 | Create | Archer |
| 12:13 | Create | Archer |
| 12:15 | Build | Farm |
| 12:16 | Build | Farm |
| 12:21 | Create | Archer |
| 12:22 | Create | Archer |
| 12:37 | Create | Villager (Male) |
| 12:48 | Create | Archer |
| 12:53 | Create | Villager (Male) |
| 13:06 | Create | Archer |
| 13:07 | Create | Villager (Male) |
| 13:14 | Build | Farm |
| 13:21 | Build | House |
| 13:24 | Build | House |
| 13:26 | Create | Archer |
| 13:26 | Create | Villager (Male) |
| 13:41 | Create | Villager (Male) |
| 13:45 | Create | Archer |
| 13:52 | Build | House |
| 13:58 | Create | Archer |
| 14:03 | Create | Villager (Male) |
| 14:05 | Build | Farm |
| 14:06 | Create | Villager (Male) |
| 14:47 | Create | Archer |
| 14:49 | Create | Archer |
| 14:49 | Create | Villager (Male) |
| 15:03 | Build | Farm |
| 15:03 | Build | Farm |
| 15:12 | Create | Villager (Male) |
| 15:21 | Build | House |
| 15:25 | Create | Villager (Male) |
| 15:28 | Create | Archer |
| 15:44 | Create | Archer |
| 15:45 | Create | Archer |
| 15:48 | Create | Villager (Male) |
| 15:50 | Build | House |
| 15:50 | Build | House |
| 15:52 | Create | Villager (Male) |
| 16:16 | Create | Archer |
| 16:17 | Create | Archer |
| 16:23 | Build | Farm |
| 16:23 | Build | Farm |
| 16:34 | Create | Villager (Male) |
| 16:38 | Create | Archer |
| 16:38 | Create | Archer |
| 16:39 | Create | Villager (Male) |
| 16:46 | Create | Villager (Male) |
| 16:53 | Build | Farm |
| 17:18 | Create | Archer |
| 17:19 | Create | Archer |
| 17:19 | Create | Villager (Male) |
| 17:39 | Build | Farm |
| 17:39 | Build | Farm |
| 17:40 | Create | Villager (Male) |
| 17:41 | Build | Farm |
| 17:56 | Build | Farm |
Build order — WackieChan_
107 actions detected in the replay
| 0:00 | Create | Villager (Male) |
| 0:01 | Create | Villager (Male) |
| 0:01 | Build | House |
| 0:03 | Build | House |
| 0:04 | Build | House |
| 0:07 | Create | Villager (Male) |
| 0:07 | Create | Villager (Male) |
| 1:24 | Create | Villager (Male) |
| 1:24 | Create | Villager (Male) |
| 1:24 | Create | Villager (Male) |
| 1:54 | Create | Villager (Male) |
| 1:54 | Create | Villager (Male) |
| 2:16 | Create | Villager (Male) |
| 2:16 | Create | Villager (Male) |
| 2:20 | Build | Lumber Camp |
| 2:39 | Create | Villager (Male) |
| 2:39 | Create | Villager (Male) |
| 2:59 | Create | Villager (Male) |
| 3:00 | Create | Villager (Male) |
| 3:16 | Create | Villager (Male) |
| 3:16 | Create | Villager (Male) |
| 3:38 | Build | House |
| 3:44 | Create | Villager (Male) |
| 4:05 | Create | Villager (Male) |
| 4:05 | Create | Villager (Male) |
| 4:05 | Create | Villager (Male) |
| 4:21 | Create | Villager (Male) |
| 4:34 | Create | Villager (Male) |
| 4:51 | Build | Mill |
| 4:57 | Research | Loom |
| 6:17 | Research | Feudal Age |
| 7:09 | Create | Villager (Male) |
| 7:24 | Build | Barracks |
| 7:53 | Build | House |
| 8:27 | Age | Feudal Age |
| 8:28 | Create | Villager (Male) |
| 8:30 | Build | Stable |
| 8:54 | Create | Villager (Male) |
| 9:04 | Build | House |
| 9:08 | Research | Double-Bit Axe |
| 9:08 | Research | Double-Bit Axe |
| 9:09 | Create | Scout Cavalry |
| 9:09 | Create | Scout Cavalry |
| 9:17 | Create | Villager (Male) |
| 9:36 | Create | Villager (Male) |
| 9:58 | Create | Villager (Male) |
| 10:12 | Build | Farm |
| 10:13 | Build | Farm |
| 10:20 | Create | Scout Cavalry |
| 10:34 | Build | Farm |
| 10:39 | Build | Farm |
| 10:41 | Create | Villager (Male) |
| 10:44 | Build | Palisade Wall |
| 10:46 | Build | Palisade Wall |
| 10:56 | Build | Farm |
| 11:16 | Create | Villager (Male) |
| 11:28 | Create | Villager (Male) |
| 11:30 | Build | Farm |
| 11:36 | Create | Scout Cavalry |
| 11:36 | Create | Scout Cavalry |
| 11:42 | Build | Farm |
| 11:43 | Build | Farm |
| 11:46 | Build | House |
| 11:55 | Create | Villager (Male) |
| 12:12 | Create | Villager (Male) |
| 12:18 | Build | Watch Tower |
| 12:19 | Build | Mining Camp |
| 12:25 | Build | House |
| 12:33 | Build | Palisade Wall |
| 12:49 | Create | Scout Cavalry |
| 12:49 | Create | Scout Cavalry |
| 12:54 | Build | Palisade Wall |
| 12:58 | Create | Villager (Male) |
| 13:00 | Build | Farm |
| 13:01 | Build | Farm |
| 13:13 | Create | Villager (Male) |
| 13:25 | Build | Lumber Camp |
| 13:38 | Create | Villager (Male) |
| 13:52 | Create | Villager (Male) |
| 13:55 | Create | Scout Cavalry |
| 13:55 | Create | Scout Cavalry |
| 14:03 | Build | Watch Tower |
| 14:09 | Build | Palisade Wall |
| 14:10 | Build | Palisade Wall |
| 14:23 | Create | Scout Cavalry |
| 14:23 | Create | Scout Cavalry |
| 14:51 | Create | Villager (Male) |
| 14:58 | Build | Farm |
| 15:00 | Build | Farm |
| 15:05 | Create | Villager (Male) |
| 15:14 | Build | Lumber Camp |
| 15:17 | Build | Farm |
| 15:26 | Create | Scout Cavalry |
| 15:26 | Create | Scout Cavalry |
| 15:26 | Create | Scout Cavalry |
| 15:31 | Build | House |
| 15:47 | Create | Villager (Male) |
| 15:58 | Build | Palisade Wall |
| 16:17 | Build | Farm |
| 16:25 | Create | Villager (Male) |
| 16:27 | Build | Farm |
| 16:35 | Create | Scout Cavalry |
| 16:35 | Create | Scout Cavalry |
| 16:39 | Create | Villager (Male) |
| 16:52 | Build | House |
| 17:06 | Create | Villager (Male) |
| 17:20 | Create | Villager (Male) |
Build order — Oni.JorDan_AoE
101 actions detected in the replay
| 0:01 | Create | Villager (Male) |
| 0:01 | Create | Villager (Male) |
| 0:01 | Create | Villager (Male) |
| 0:01 | Create | Villager (Male) |
| 0:02 | Build | House |
| 0:03 | Build | House |
| 0:27 | Create | Villager (Male) |
| 0:27 | Create | Villager (Male) |
| 0:27 | Create | Villager (Male) |
| 1:44 | Create | Villager (Male) |
| 1:48 | Build | Lumber Camp |
| 2:09 | Create | Villager (Male) |
| 2:09 | Create | Villager (Male) |
| 2:27 | Create | Villager (Male) |
| 2:27 | Create | Villager (Male) |
| 2:51 | Create | Villager (Male) |
| 3:05 | Create | Villager (Male) |
| 3:30 | Create | Villager (Male) |
| 3:49 | Build | House |
| 4:29 | Build | Mill |
| 4:38 | Create | Villager (Male) |
| 4:38 | Create | Villager (Male) |
| 5:01 | Create | Villager (Male) |
| 5:10 | Create | Villager (Male) |
| 5:19 | Research | Loom |
| 6:34 | Research | Feudal Age |
| 6:34 | Research | Feudal Age |
| 7:04 | Build | House |
| 7:34 | Build | Barracks |
| 8:32 | Create | Villager (Male) |
| 8:51 | Age | Feudal Age |
| 8:52 | Build | Stable |
| 8:54 | Research | Double-Bit Axe |
| 8:58 | Research | Horse Collar |
| 9:08 | Build | Farm |
| 9:10 | Create | Villager (Male) |
| 9:21 | Create | Spearman |
| 9:21 | Create | Spearman |
| 9:32 | Create | Villager (Male) |
| 9:32 | Create | Villager (Male) |
| 9:50 | Build | House |
| 9:50 | Create | Scout Cavalry |
| 9:50 | Create | Scout Cavalry |
| 9:50 | Create | Scout Cavalry |
| 9:50 | Create | Scout Cavalry |
| 9:50 | Create | Scout Cavalry |
| 9:58 | Build | Farm |
| 10:01 | Build | House |
| 10:07 | Create | Scout Cavalry |
| 10:26 | Build | Palisade Wall |
| 10:27 | Create | Villager (Male) |
| 10:37 | Build | Farm |
| 10:45 | Create | Scout Cavalry |
| 10:48 | Build | House |
| 10:50 | Build | Palisade Wall |
| 10:52 | Build | Palisade Wall |
| 10:53 | Build | Palisade Wall |
| 11:00 | Build | Farm |
| 11:02 | Build | Farm |
| 11:08 | Create | Villager (Male) |
| 11:09 | Build | Farm |
| 11:33 | Create | Villager (Male) |
| 11:35 | Build | Farm |
| 11:44 | Build | Farm |
| 11:48 | Build | House |
| 11:57 | Create | Villager (Male) |
| 11:59 | Build | Farm |
| 12:12 | Create | Villager (Male) |
| 12:15 | Build | House |
| 12:17 | Build | Palisade Wall |
| 12:28 | Create | Villager (Male) |
| 12:53 | Create | Scout Cavalry |
| 12:53 | Create | Scout Cavalry |
| 12:53 | Create | Scout Cavalry |
| 12:56 | Build | Farm |
| 12:58 | Build | Farm |
| 12:59 | Build | Farm |
| 13:00 | Create | Villager (Male) |
| 13:03 | Build | House |
| 13:15 | Build | Farm |
| 13:16 | Create | Villager (Male) |
| 13:18 | Build | Farm |
| 13:26 | Create | Scout Cavalry |
| 13:41 | Create | Villager (Male) |
| 13:50 | Build | Farm |
| 13:56 | Build | Watch Tower |
| 14:02 | Create | Scout Cavalry |
| 14:38 | Create | Villager (Male) |
| 14:46 | Build | Farm |
| 14:48 | Build | Mining Camp |
| 14:57 | Create | Scout Cavalry |
| 15:02 | Research | Wheelbarrow |
| 15:26 | Create | Villager (Male) |
| 15:27 | Build | Farm |
| 16:24 | Build | Lumber Camp |
| 16:26 | Build | House |
| 16:46 | Create | Villager (Male) |
| 16:49 | Build | Blacksmith |
| 17:32 | Research | Castle Age |
| 17:32 | Research | Castle Age |
| 17:56 | Research | Gold Mining |
Build order — ÐàLạt«Gô°Kµ»
116 actions detected in the replay
| 0:00 | Create | Villager (Male) |
| 0:01 | Create | Villager (Male) |
| 0:01 | Create | Villager (Male) |
| 0:01 | Create | Villager (Male) |
| 0:02 | Build | House |
| 0:03 | Build | House |
| 1:24 | Create | Villager (Male) |
| 1:57 | Create | Villager (Male) |
| 2:12 | Create | Villager (Male) |
| 2:12 | Create | Villager (Male) |
| 2:45 | Create | Villager (Male) |
| 2:46 | Create | Villager (Male) |
| 3:01 | Create | Villager (Male) |
| 3:01 | Create | Villager (Male) |
| 3:40 | Create | Villager (Male) |
| 3:55 | Build | House |
| 3:57 | Create | Villager (Male) |
| 3:57 | Create | Villager (Male) |
| 3:58 | Create | Villager (Male) |
| 4:41 | Create | Villager (Male) |
| 4:41 | Create | Villager (Male) |
| 5:17 | Build | Lumber Camp |
| 5:32 | Create | Villager (Male) |
| 5:32 | Create | Villager (Male) |
| 5:33 | Create | Villager (Male) |
| 5:56 | Build | Mining Camp |
| 6:00 | Research | Loom |
| 6:00 | Research | Loom |
| 7:05 | Research | Feudal Age |
| 7:06 | Research | Feudal Age |
| 7:41 | Build | House |
| 8:19 | Build | Barracks |
| 9:15 | Age | Feudal Age |
| 9:17 | Build | Archery Range |
| 9:17 | Research | Double-Bit Axe |
| 9:19 | Create | Villager (Male) |
| 9:45 | Create | Villager (Male) |
| 9:59 | Create | Villager (Male) |
| 10:07 | Build | Archery Range |
| 10:09 | Create | Archer |
| 10:13 | Build | House |
| 10:15 | Create | Villager (Male) |
| 10:39 | Create | Villager (Male) |
| 10:46 | Build | Mill |
| 10:57 | Create | Spearman |
| 11:01 | Build | Palisade Gate |
| 11:06 | Build | House |
| 11:07 | Create | Villager (Male) |
| 11:15 | Build | Palisade Wall |
| 11:16 | Build | Palisade Wall |
| 11:19 | Build | Palisade Wall |
| 11:20 | Build | Palisade Wall |
| 11:23 | Create | Archer |
| 11:24 | Create | Archer |
| 11:39 | Create | Villager (Male) |
| 11:44 | Build | House |
| 11:52 | Build | Farm |
| 11:57 | Build | Palisade Wall |
| 11:57 | Build | Palisade Wall |
| 12:00 | Build | Palisade Wall |
| 12:01 | Create | Archer |
| 12:01 | Create | Archer |
| 12:07 | Build | Palisade Wall |
| 12:08 | Build | Palisade Wall |
| 12:09 | Build | Palisade Wall |
| 12:10 | Create | Villager (Male) |
| 12:10 | Create | Villager (Male) |
| 12:18 | Build | Palisade Wall |
| 12:20 | Build | Palisade Wall |
| 12:23 | Build | Palisade Wall |
| 12:27 | Create | Archer |
| 12:28 | Create | Villager (Male) |
| 12:38 | Create | Archer |
| 12:38 | Create | Archer |
| 12:59 | Build | Blacksmith |
| 13:07 | Build | Farm |
| 13:17 | Create | Villager (Male) |
| 13:18 | Create | Villager (Male) |
| 13:18 | Create | Villager (Male) |
| 13:18 | Create | Villager (Male) |
| 13:32 | Build | House |
| 13:37 | Build | Farm |
| 13:43 | Build | Farm |
| 13:51 | Research | Fletching |
| 13:52 | Research | Fletching |
| 13:54 | Build | House |
| 13:55 | Create | Villager (Male) |
| 13:56 | Create | Archer |
| 14:01 | Create | Villager (Male) |
| 14:38 | Create | Archer |
| 14:39 | Create | Archer |
| 14:39 | Create | Villager (Male) |
| 14:40 | Create | Villager (Male) |
| 14:45 | Create | Archer |
| 14:57 | Create | Villager (Male) |
| 14:58 | Build | Farm |
| 15:01 | Build | Farm |
| 15:02 | Build | Farm |
| 15:15 | Build | Farm |
| 15:28 | Build | Farm |
| 15:31 | Create | Archer |
| 15:31 | Create | Archer |
| 15:35 | Build | House |
| 15:54 | Create | Archer |
| 15:57 | Create | Villager (Male) |
| 15:57 | Create | Villager (Male) |
| 16:01 | Build | Farm |
| 16:21 | Research | Wheelbarrow |
| 16:21 | Research | Wheelbarrow |
| 16:47 | Create | Archer |
| 16:48 | Create | Villager (Male) |
| 16:51 | Build | Farm |
| 17:20 | Create | Archer |
| 17:21 | Create | Archer |
| 17:27 | Create | Villager (Male) |
| 17:32 | Build | Farm |
Match timeline
| 6:19 | Oni.TheViper · first_building Barracks |
| 7:24 | WackieChan_ · first_building Barracks |
| 7:34 | Oni.JorDan_AoE · first_building Barracks |
| 8:19 | ÐàLạt«Gô°Kµ» · first_building Barracks |
| 8:27 | WackieChan_ · age_up feudal |
| 8:30 | WackieChan_ · first_building Stable |
| 8:50 | Oni.TheViper · age_up feudal |
| 8:51 | Oni.JorDan_AoE · age_up feudal |
| 8:52 | Oni.JorDan_AoE · first_building Stable |
| 8:55 | Oni.TheViper · first_building Archery Range |
| 9:15 | ÐàLạt«Gô°Kµ» · age_up feudal |
| 9:17 | ÐàLạt«Gô°Kµ» · first_building Archery Range |
| 10:26 | Oni.JorDan_AoE · wall_segment Palisade Wall x7 |
| 10:44 | WackieChan_ · wall_segment Palisade Wall x8 |
| 10:46 | WackieChan_ · wall_segment Palisade Wall x7 |
| 10:50 | Oni.JorDan_AoE · wall_segment Palisade Wall x1 |
| 10:52 | Oni.JorDan_AoE · wall_segment Palisade Wall x1 |
| 10:53 | Oni.JorDan_AoE · wall_segment Palisade Wall x1 |
| 11:15 | ÐàLạt«Gô°Kµ» · wall_segment Palisade Wall x1 |
| 11:16 | ÐàLạt«Gô°Kµ» · wall_segment Palisade Wall x1 |
| 11:19 | ÐàLạt«Gô°Kµ» · wall_segment Palisade Wall x3 |
| 11:20 | ÐàLạt«Gô°Kµ» · wall_segment Palisade Wall x3 |
| 11:22 | Oni.TheViper · wall_segment Palisade Wall x1 |
| 11:25 | Oni.TheViper · wall_segment Palisade Wall x1 |
| 11:26 | Oni.TheViper · wall_segment Palisade Wall x1 |
| 11:57 | ÐàLạt«Gô°Kµ» · wall_segment Palisade Wall x1 |
| 11:57 | ÐàLạt«Gô°Kµ» · wall_segment Palisade Wall x1 |
| 12:00 | ÐàLạt«Gô°Kµ» · wall_segment Palisade Wall x6 |
| 12:07 | ÐàLạt«Gô°Kµ» · wall_segment Palisade Wall x1 |
| 12:08 | ÐàLạt«Gô°Kµ» · wall_segment Palisade Wall x1 |
| 12:09 | ÐàLạt«Gô°Kµ» · wall_segment Palisade Wall x1 |
| 12:17 | Oni.JorDan_AoE · wall_segment Palisade Wall x3 |
| 12:18 | ÐàLạt«Gô°Kµ» · wall_segment Palisade Wall x3 |
| 12:20 | ÐàLạt«Gô°Kµ» · wall_segment Palisade Wall x9 |
| 12:23 | ÐàLạt«Gô°Kµ» · wall_segment Palisade Wall x7 |
| 12:33 | WackieChan_ · wall_segment Palisade Wall x8 |
| 12:54 | WackieChan_ · wall_segment Palisade Wall x1 |
| 14:09 | WackieChan_ · wall_segment Palisade Wall x3 |
| 14:10 | WackieChan_ · wall_segment Palisade Wall x1 |
| 15:58 | WackieChan_ · wall_segment Palisade Wall x2 |
| 17:47 | ÐàLạt«Gô°Kµ» · resign |
[ AI ANALYSIS · 1 CREDIT ]
What really happened in this match?
Wolo.gg analyzes every decision: build order, eco, micro, common mistakes by bracket. Personalized analysis on WhatsApp or Discord in 30 seconds.
Civ guide
Britons
Perfil
Jugador #196240